 Dungeon Crawl Stone Soup version 0.23.2-30-g0e89c35649 (webtiles) character file.

Game seed: 82323603786918836

2165 Revguard the Shield-Bearer (level 9, -6/118 HPs)
             Began as a Deep Dwarf Fighter on June 17, 2019.
             Was a Follower of Trog.
             Mangled by a sun demon (10 damage)
             ... on level 2 of the Abyss.
             The game lasted 00:17:32 (4910 turns).

Revguard the Shield-Bearer (Deep Dwarf Fighter)     Turns: 4910, Time: 00:17:34

Health: -6/118     AC: 11    Str: 25    XL:     9   Next: 10%
Magic:  3/3 (10)   EV:  8    Int: 10    God:    Trog [*.....]
Gold:   430        SH: 12    Dex: 14    Spells: 8/8 levels left

rFire    . . .     SeeInvis +   w - +9 whip of Pride {antimagic, rC+ Stlth+}
rCold    + . .     Gourm    .   c - +1 shield
rNeg     . . .     Faith    .   g - +0 chain mail
rPois    .         Spirit   .   (no helmet)
rElec    .         Reflect  .   (no cloak)
rCorr    .         Harm     .   (no gloves)
MR       +....                  e - +0 pair of boots
Stlth    ..........             (no amulet)
HPRegen  0.00/turn              (no ring)
MPRegen  0.08/turn              o - ring of see invisible

@: berserking (expiring), non-regenerating, very quick
A: damage resistance, heal wounds, sense surroundings 2, no regeneration
a: Heal Wounds, Berserk, Renounce Religion


You were on level 2 of the Abyss.
You worshipped Trog.
Trog was aware of your devotion.
You were very hungry.

You visited 2 branches of the dungeon, and saw 7 of its levels.
You visited the Abyss 1 time.

You collected 430 gold pieces.

Inventory:

Hand Weapons
 a - a +1 war axe
 l - a +0 hand axe of distortion
 w - the +9 whip of Pride (weapon) {antimagic, rC+ Stlth+}
   (You found it on level 6 of the Dungeon)

   It reduces the magical energy of the wielder, and disrupts the spells and
   magical abilities of those hit.
   Natural abilities and divine invocations are not affected.
   It protects you from cold.
   It makes you more stealthy.
Armour
 c - a +1 shield (worn)
 e - a +0 pair of boots (worn)
 g - a +0 chain mail (worn)
Jewellery
 k - an uncursed ring of fire
 o - a ring of see invisible (right hand)
Wands
 s - a wand of digging (7)
 v - a wand of acid (26)
Scrolls
 b - a scroll of immolation {unknown}
 h - a scroll of enchant armour
 j - a scroll of fog
 m - a scroll of remove curse
 r - a scroll of silence {unknown}
 x - a scroll of random uselessness {unknown}
 y - a scroll of summoning {unknown}
Potions
 d - a potion of might
 i - 2 potions of cancellation
 n - a potion of curing
 p - a potion of agility
 q - 2 potions of flight
 t - a potion of haste
 u - a potion of ambrosia
Comestibles
 f - 11 rations


   Skills:
 + Level 4.4 Fighting
 + Level 7.6 Axes
 + Level 5.9 Armour
 + Level 2.7 Dodging
 * Level 7.7 Shields
 * Level 5.0 Evocations


You had 8 spell levels left.
You didn't know any spells.
Your spell library was empty.

Dungeon Overview and Level Annotations

Branches:
Dungeon (6/15)             Temple (1/1) D:4

Altars:
Ashenzari
Cheibriados
Dithmenos
Elyvilon
Fedhas
Gozag
Hepliaklqana
Kikubaaqudgha
Makhleb
Nemelex Xobeh
Okawaru
Qazlal
Ru
Sif Muna
Trog
Uskayaw
Vehumet
Wu Jian
Xom
Yredelemnul
Zin
The Shining One


Innate Abilities, Weirdness & Mutations

You are resistant to damage.
You can heal yourself by infusing magical energy.
You passively map the area around you.
You do not regenerate.


Message History

The sun demon is heavily wounded.
The sun demon barely misses you.
You barely miss the sun demon.
The sun demon is heavily wounded.
You hit the sun demon.
The sun demon is heavily wounded.
The sun demon barely misses you.
You completely miss the sun demon.
The sun demon is heavily wounded.
The sun demon hits you!
* * * LOW HITPOINT WARNING * * *
You are engulfed in flames!
* * * LOW HITPOINT WARNING * * *
You closely miss the sun demon.
The sun demon is heavily wounded.
A tentacle flies out from the starspawn's body!
The sun demon hits you!
* * * LOW HITPOINT WARNING * * *
You are engulfed in flames!
You die...

# #.#. . #
##..#.#. # #
##. ..3.# #.
#... . .#
#.##.## # #
#...##..(#
.. ##.....##
# # #
#.###3##.##
##. . #.
#w@...#.....
. # ##X##..#
#.#.#.##w
### .. ...
##.. ... ..#


You could see a tentacled starspawn, a sun demon and 2 starspawn tentacles.

Vanquished Creatures
  Pikel (D:4)
  Sigmund (D:2)
  Menkaure (D:4)
  Duvessa (D:4)
  A small abomination (Abyss:2)
  A phantom (D:4)
  2 ogres (D:5)
  2 bullfrogs
  Dowan (D:4)
  A scorpion (D:5)
  A wight (D:6)
  A crimson imp (D:5)
  3 jellies
  3 orc wizards
  An iguana (D:4)
  7 worker ants
  4 adders
  2 oozes
  3 worms (D:3)
  5 leopard geckos
  20 orcs
  8 giant cockroaches
  4 goblins
  9 hobgoblins
  17 jackals
  3 quokkas
  6 bats
  8 frilled lizards
  A jackal skeleton (D:4)
  5 kobolds
  10 rats
133 creatures vanquished.

Vanquished Creatures (others)
  A hornet zombie (D:6)
  A slave (D:4)
  An ogre (D:4)
  A wight (D:6)
  An adder (D:4)
  A leopard gecko (D:4)
  3 orcs (D:4)
  8 goblins (D:4)
  3 starspawn tentacles (Abyss:2)
20 creatures vanquished.

Grand Total: 153 creatures vanquished

Notes
Turn   | Place    | Note
-------+----------+-------------------------------------------
     0 | D:1      | Revguard the Deep Dwarf Fighter began the quest for the
                  | Orb.
     0 | D:1      | Reached XP level 1. HP: 20/20 MP: 1/1
   162 | D:1      | Reached XP level 2. HP: 27/27 MP: 2/2
   293 | D:1      | Reached skill level 1 in Dodging
   687 | D:1      | Reached XP level 3. HP: 28/34 MP: 3/3
  1121 | D:2      | Noticed Sigmund
  1162 | D:2      | Killed Sigmund
  1162 | D:2      | Reached XP level 4. HP: 19/42 MP: 4/4
  1162 | D:2      | Reached XP level 5. HP: 22/49 MP: 5/5
  1906 | D:3      | Found a snail-covered altar of Cheibriados.
  2109 | D:3      | Found a glowing golden altar of the Shining One.
  2138 | D:3      | Reached XP level 6. HP: 34/56 MP: 6/6
  2715 | D:4      | Reached skill level 5 in Shields
  2770 | D:4      | Noticed a slave
  2771 | D:4      | Noticed a slave
  2772 | D:4      | Noticed a slave
  2772 | D:4      | Noticed a slave
  2776 | D:4      | Noticed Pikel
  2789 | D:4      | Killed Pikel
  2789 | D:4      | Reached skill level 5 in Armour
  2789 | D:4      | Reached XP level 7. HP: 20/63 MP: 5/5
  2813 | D:4      | Noticed Duvessa
  2813 | D:4      | Noticed Dowan
  2829 | D:4      | Killed Duvessa
  2829 | D:4      | Reached skill level 1 in Evocations
  2840 | D:4      | Killed Dowan
  2840 | D:4      | Reached XP level 8. HP: 57/72 MP: 6/6
  3155 | D:4      | Found a staircase to the Ecumenical Temple.
  3164 | Temple   | Entered the Ecumenical Temple
  3411 | Temple   | Became a worshipper of Trog the Wrathful
  3575 | D:4      | Noticed Menkaure
  3584 | D:4      | Killed Menkaure
  3665 | D:5      | Entered Level 5 of the Dungeon
  3878 | D:5      | Reached * piety under Trog
  4692 | D:6      | Gained mutation: You passively map the area around you.
                  | [Deep Dwarf growth]
  4692 | D:6      | Reached XP level 9. HP: 68/79 MP: 8/10
  4799 | D:6      | Got a twisted whip
  4801 | D:6      | Identified the +9 whip of Pride {antimagic, rC+ Stlth+}
                  | (You found it on level 6 of the Dungeon)
  4801 | D:6      | Cast into level 1 of the Abyss (a distortion unwield)
  4882 | Abyss:2  | Noticed a sun demon
  4896 | Abyss:2  | Reached skill level 5 in Evocations
  4899 | Abyss:2  | Noticed a tentacled starspawn
  4910 | Abyss:2  | HP: 4/118 [sun demon (12)]
  4910 | Abyss:2  | Mangled by a sun demon

Skill      XL: |  1  2  3  4  5  6  7  8  9 |
---------------+----------------------------+-----
Dodging        | 1 2 |  2.7
Fighting       | 3 4 |  4.4
Axes           | 3 4 6 7 |  7.6
Armour         | 4 5 |  5.9
Shields        | 4 6 7 |  7.7
Evocations     | 1 4 5 |  5.0

Action                   |  1- 3 |  4- 6 |  7- 9 || total
-------------------------+-------+-------+-------++-------
Melee: War axe           |    97 |   168 |   106 ||   371
       Hand axe          |       |       |   116 ||   116
       Whip              |       |       |    17 ||    17
Invok: Berserk           |       |       |     1 ||     1
 Abil: Heal Wounds       |     2 |     4 |     6 ||    12
  Use: Potion            |     3 |     2 |     4 ||     9
       Scroll            |       |     6 |     3 ||     9
  Eat: Chunk             |       |     6 |     4 ||    10
       Ration            |       |       |     1 ||     1
Armor: Scale mail        |    42 |     6 |       ||    48
       Chain mail        |       |    77 |    96 ||   173
Dodge: Dodged            |    24 |    46 |    61 ||   131
Block: Shield            |    46 |    99 |   141 ||   286
